 Dungeon Crawl Stone Soup version 0.31-a0-1611-g890cdf5628 (webtiles) character file.

Game seed: 4134443913782840359

2631 grandjackal the Eye of the Storm (level 9, 0/111 HPs)
             Began as a Demonspawn Fighter on Jan 8, 2024.
             Was a Priest of Qazlal.
             Slain by a spriggan
             ... wielding a +4 trident
              (8 damage)
             ... in a bailey.
             The game lasted 00:09:16 (6538 turns).

grandjackal the Eye of the Storm (DsFi)             Turns: 6538, Time: 00:09:17

Health: 0/111      AC: 24    Str: 24 (27) XL:     9   Next: 35%
Magic:  15/15      EV:  2    Int:  7 (8)  God:    Qazlal [***...]
Gold:   469        SH:  8    Dex: 10 (13) Spells: 8/8 levels left

rFire   + . .        I - +4 hand axe (venom)
rCold   . . .        c - +0 buckler
rNeg    . . .        b - melded +0 scale mail
rPois   +            (helmet currently unavailable)
rElec   .            H - melded +0 cloak
rCorr   .            e - melded +0 pair of gloves
SInv    .            (boots currently unavailable)
Will    .....        C - amulet of magic regeneration
Stlth   +            t - ring of protection from fire
HPRegen 0.38/turn    z - +6 ring of strength
MPRegen 0.54/turn

%: no passive effects
@: mighty, tree-form, hasted, very quick
A: stationary, stasis, torment immunity, boosted hp, (hooves 2), foul stench 1,
powered by death 1
a: Renounce Religion, Upheaval, Elemental Force


You were in a bailey.
You worshipped Qazlal.
Qazlal was most pleased with you.
You were a tree.
You visited 1 branch of the dungeon, and saw 7 of its levels.
You also visited: Sewer and Bailey.

You collected 469 gold pieces.

Inventory:

Hand Weapons
 p - a +3 trident
 B - a +1 heavy broad axe
 I - a +4 hand axe of venom (weapon)
Missiles
 y - a throwing net (quivered)
Armour
 b - a +0 scale mail (melded)
 c - a +0 buckler (worn)
 e - a +0 pair of gloves (melded)
 H - a +0 cloak (melded)
Jewellery
 a - the ring "Sezuc" {rC+ Stlth+}
   (You found it on level 4 of the Dungeon)

   [ring of protection from cold]

   rC+:       It protects you from cold.
   Stlth+:    It makes you more stealthy.
 t - a ring of protection from fire (left branch)
 z - a +6 ring of strength (right branch)
 C - an amulet of magic regeneration (around neck)
Wands
 f - a wand of quicksilver (12)
 g - a wand of charming (4)
 u - a wand of digging (6)
Scrolls
 i - 3 scrolls of identify {unknown}
 k - 3 scrolls of poison {unknown}
 l - a scroll of brand weapon {unknown}
 m - a scroll of enchant weapon {unknown}
 o - a scroll of revelation {unknown}
 q - a scroll of blinking
 s - 3 scrolls of teleportation
 v - 2 scrolls of noise {unknown}
 w - 2 scrolls of fear {unknown}
 D - a scroll of amnesia {unknown}
 E - a scroll of vulnerability {unknown}
 F - a scroll of enchant armour {unknown}
 G - a scroll of fog {unknown}
 J - a scroll of silence {unknown}
Potions
 d - a potion of might
 h - a potion of lignification
 j - a potion of degeneration
 r - 2 potions of enlightenment
 x - a potion of haste


   Skills:
 + Level 8.0 Fighting
 + Level 6.9 Axes
 - Level 3.0 Armour
 - Level 4.0 Shields
 + Level 8.4 Invocations


You had 8 spell levels left.
You didn't know any spells.
Your spell library contained the following spells:

 Spells                   Type           Power      Damage    Failure   Level
 Apportation              Tloc           0%         N/A       50%         1
 Ensorcelled Hibernation  Hex/Ice        0%         N/A       63%         2
 Jinxbite                 Hex            0%         N/A       63%         2
 Passwall                 Erth           0%         N/A       86%         3
 Swiftness                Air            0%         N/A       86%         3
 Tukima's Dance           Hex            0%         N/A       86%         3
 Dimensional Bullseye     Hex/Tloc       0%         N/A       99%         4
 Iskenderun's Mystic Bla  Conj/Tloc      0%         2d3       99%         4
 Alistair's Intoxication  Alch           0%         N/A       100%        5


Dungeon Overview and Level Annotations

Branches:
Dungeon (7/15)             Temple (0/1) D:6           Sewer (visited)
 Bailey (1/1)

Altars:
Ashenzari
Fedhas
Okawaru
Qazlal
Uskayaw
Vehumet

Annotations:
D:4 4 runed translucent doors


Innate Abilities, Weirdness & Mutations

You are a tree.
Your roots penetrate the ground, keeping you stationary.
You cannot be teleported.
You are immune to unholy pain and torment.
Your maximum health is greatly increased.
Your equipment is partially melded.
((You have hoof-like feet.))
You may rarely emit foul miasma when damaged in melee.
You regenerate a little health from kills.


Message History

Unknown command.
You are confused.
You feel invigorated.
You hear two shouts!
The spriggan hits you from afar with a +4 trident.
* * * LOW HITPOINT WARNING * * *
The ogre hits you from afar with a +0 halberd.
* * * LOW HITPOINT WARNING * * *
You hear a shout!
You hear a shout!
The spriggan hits you from afar with a +4 trident.
* * * LOW HITPOINT WARNING * * *
The ogre hits you but does no damage.
The spriggan hits you but does no damage.
You feel less invigorated.
You feel less confused.
The spriggan hits you but does no damage.
The ogre hits you from afar with a +0 halberd.
* * * LOW HITPOINT WARNING * * *
What are your orders? t - Creak!
Orders for allies: a - Attack new target. p - Attack previous target. r - Retreat! s - Stop attacking. g - Guard the area. f - Follow me.
Anything else - Cancel.
Gang up on whom?
Press: ? - help, Dir - move target, f - ogre, p - ogre
Aim: an ogre, wielding a +0 halberd Attack!
Your ogre barely misses the ogre.
You block the spriggan's attack.
It was a potion of curing.
You feel better.
The ogre hits you from afar with a +0 halberd!
* * * LOW HITPOINT WARNING * * *
Unknown command.
Okay, then.
The spriggan hits you from afar with a +4 trident.
* * * LOW HITPOINT WARNING * * *
Your ogre hits the ogre with a +0 halberd!!
Unknown command.
The spriggan hits you from afar with a +4 trident!
You die...

#...∩..~~~..♣
#......~~~..#
#......~~~..#
#......~~~..#
#...∩..~~~..♣
##.....###..♣#
#.....# ##..♣#
##...## ##..##
##.##
##.♣♣###♣#♣.
###
##.OO......
##)i.....#
#########


You could see an ogre (ally target), a spriggan and a friendly ogre (charmed).

Vanquished Creatures
  A spriggan (Bailey)
  A steam dragon (D:7)
  A yak (D:4)
  2 water moccasins
  An ice beast (D:4)
  2 crocodiles (Sewer)
  A black bear (D:5)
  2 ogres
  A centaur (D:7)
  2 phantoms (D:5)
  2 scorpions
  A bullfrog (D:6)
  2 wights (D:7)
  2 bombardier beetles (D:6)
  2 hounds
  3 jellies
  3 sleepcaps
  A gnoll bouda (D:7)
  4 orc priests
  Crazy Yiuf (D:5)
  Natasha (thrice) (D:1)
  3 iguanas
  A sickly merfolk siren (Sewer)
  A malarious merfolk avatar (Sewer)
  7 adders
  11 gnolls
  A river rat (Sewer)
  2 ribbon worms
  2 dart slugs
  15 orcs
  8 endoplasms
  10 giant cockroaches
  5 goblins
  8 hobgoblins
  9 jackals
  7 quokkas
  7 ball pythons
  8 bats
  4 frilled lizards
  6 kobolds
  23 rats
176 creatures vanquished.

Vanquished Creatures (others)
  A white imp (D:6)
1 creature vanquished.

Grand Total: 177 creatures vanquished

Notes
Turn   | Place    | Note
-------+----------+-------------------------------------------
     0 | D:1      | grandjackal the Demonspawn Fighter began the quest for the
                  | Orb.
     0 | D:1      | Reached XP level 1. HP: 18/18 MP: 1/1
   251 | D:1      | Gained mutation: You regenerate a little health from kills.
                  | [demonic ancestry]
   251 | D:1      | Reached XP level 2. HP: 24/24 MP: 2/2
  1047 | D:2      | Gained mutation: You have large cloven feet. [demonic
                  | ancestry]
  1047 | D:2      | Reached XP level 3. HP: 29/29 MP: 3/3
  1182 | D:2      | Found a blossoming altar of Fedhas.
  1188 | D:2      | Noticed Natasha
  1201 | D:1      | Killed Natasha
  1375 | D:1      | Noticed Natasha
  1381 | D:1      | Killed Natasha
  1382 | D:1      | Gained mutation: You may rarely emit foul miasma when
                  | damaged in melee. [demonic ancestry]
  1382 | D:1      | Reached XP level 4. HP: 35/37 MP: 4/4
  1693 | D:1      | Noticed Natasha
  1700 | D:1      | Killed Natasha
  2521 | D:3      | Reached XP level 5. HP: 42/42 MP: 5/5
  2598 | D:3      | Noticed an ogre
  2605 | D:3      | Killed an ogre
  2644 | D:3      | Found a hide-covered altar of Uskayaw.
  2649 | D:3      | Found a broken altar of Ashenzari.
  2653 | D:3      | Found an iron altar of Okawaru.
  2662 | D:3      | Found a radiant altar of Vehumet.
  2663 | D:3      | Found a stormy altar of Qazlal.
  2672 | D:3      | Became a worshipper of Qazlal Stormbringer
  2750 | D:3      | Found a glowing drain.
  2755 | Sewer    | Entered a sewer
  2836 | Sewer    | Reached skill level 1 in Invocations
  2836 | Sewer    | Reached XP level 6. HP: 31/49 MP: 6/6
  2914 | Sewer    | Reached * piety under Qazlal
  3106 | Sewer    | Reached skill level 5 in Fighting
  3238 | D:3      | Identified the +9 short sword "Rericyroa" {holy, SInv}
  3284 | D:4      | Gained mutation: You have hoof-like feet. [demonic
                  | ancestry]
  3284 | D:4      | Reached XP level 7. HP: 51/56 MP: 9/9
  3810 | D:4      | Found a large runed translucent door.
  3810 | D:4      | Found a large runed translucent door.
  3812 | D:4      | Noticed a two-headed ogre
  3821 | D:4      | Found a large runed translucent door.
  3821 | D:4      | Found a large runed translucent door.
  4102 | D:4      | Noticed a yak
  4109 | D:4      | Killed a yak
  4122 | D:4      | Identified the ring "Sezuc" {rC+ Stlth+}
  4207 | D:4      | Reached ** piety under Qazlal
  4318 | D:5      | Entered Level 5 of the Dungeon
  4325 | D:5      | Reached skill level 5 in Axes
  4325 | D:5      | Reached skill level 5 in Invocations
  4395 | D:5      | Reached XP level 8. HP: 34/64 MP: 11/11
  4715 | D:5      | You fall into a shaft and drop 1 floor!
  5251 | D:5      | Found a runed translucent door.
  5252 | D:5      | Noticed Crazy Yiuf
  5398 | D:5      | Killed Crazy Yiuf
  5574 | D:6      | Found a staircase to the Ecumenical Temple.
  6278 | D:7      | Reached XP level 9. HP: 70/72 MP: 14/14
  6411 | D:7      | Reached *** piety under Qazlal
  6491 | D:7      | Found a flagged portal.
  6500 | Bailey   | Entered a bailey
  6520 | Bailey   | HP: 3/111 [spriggan/+4 trident (7)]
  6529 | Bailey   | HP: 5/111 [ogre/+0 halberd (5)]
  6538 | Bailey   | Slain by a spriggan

Illustrated notes

Levels and vault maps discovered:
D:1:      dpeg_chamrin_arrival_tetris, layout_basic
D:2:      layout_loops_corners, basic_altar, uniq_natasha
D:3:      layout_basic, minmay_overflow_temple_star_hex, gup_sewer_entry_bowl
D:4:      layout_basic, grunt_ministairs_6, minmay_strange_pillars,
          minmay_hollow_rounded_squares
D:5:      layout_loops_ring, hangedman_decor_riveting, uniq_crazy_yiuf_cottage
D:6:      layout_basic, minmay_temple_entry_proselytizer, chequers_big_river
D:7:      layout_rooms, enter_bailey_8
Bailey:   bailey_polearm_enchanted_keep_hellmonk, bailey

Skill      XL: |  1  2  3  4  5  6  7  8  9 |
---------------+----------------------------+-----
Axes           | 2 3 4 5 6 |  6.9
Shields        | 3 4 |  4.0
Armour         | 3 |  3.0
Fighting       | 4 5 6 7 8 |  8.0
Invocations    | 1 3 5 7 8 |  8.4

Action                     |  1- 3 |  4- 6 |  7- 9 || total
---------------------------+-------+-------+-------++-------
  Melee: War axe           |    73 |   133 |    28 ||   234
         Kick              |     3 |    30 |    46 ||    79
         Trident           |       |     4 |       ||     4
         Broad axe         |       |       |    72 ||    72
         Hand axe          |       |       |    64 ||    64
  Evoke: Wand              |       |       |     2 ||     2
    Use: Potion            |       |     2 |     7 ||     9
         Scroll            |       |       |     1 ||     1
   Stab: Distracted        |     1 |       |       ||     1
 Armour: Scale mail        |    71 |    91 |   150 ||   312
         Skin              |       |       |    21 ||    21
  Dodge: Dodged            |    31 |    69 |    62 ||   162
  Block: Buckler           |    18 |    32 |    61 ||   111

Table legend: (Time is in decaauts)
 A = Elapsed time spent in this place.
 B = Non-inter-level travel time spent in this place.
 C = Inter-level travel time spent in this place.
 D = Time resting spent in this place.
 E = Time spent auto-exploring this place.
 F = Levels seen in this place.
 G = Mean time per level.
                   A        B        C        D        E       F      G
               +--------+--------+--------+--------+--------+-----+--------+
         Total |   6738 |   6182 |    556 |    951 |   3655 |   9 |  748.7 |
       Dungeon |   6272 |   5716 |    556 |    825 |   3579 |   7 |  896.0 |
         Sewer |    432 |    432 |      0 |    126 |     75 |   1 |  432.0 |
        Bailey |     33 |     33 |      0 |      0 |      0 |   1 |   33.0 |
               +--------+--------+--------+--------+--------+-----+--------+

Top non-repeatable levels by time:
     D:1: 1660 daAuts
     D:5: 1181 daAuts
     D:4: 1060 daAuts
     D:2: 853 daAuts
     D:6: 758 daAuts
     D:3: 453 daAuts
   Sewer: 432 daAuts
     D:7: 304 daAuts
  Bailey: 33 daAuts
